 Dungeon Sprint DCSS version 0.26-a0-639-g72c4674329 (webtiles) character file.

Game seed: 13310053634443366979

7961 HoaS the Peltast (level 11, -11/73 HPs)
             Began as a Gargoyle Fighter on Sept 25, 2020.
             Was the Champion of Makhleb.
             Blown up by an eye of devastation (28 damage)
             ... with a bolt of energy
             ... in the Dungeon (Sprint V: "Ziggurat Sprint").
             The game lasted 00:11:54 (591 turns).

HoaS the Peltast (Gargoyle Fighter)                  Turns: 591, Time: 00:11:54

Health: -11/73     AC: 43    Str: 27    XL:     11   Next: 23%
Magic:  0/11       EV:  7    Int:  8    God:    Makhleb [******]
Gold:   0          SH: 33    Dex: 15    Spells: 10/10 levels left

rFire    . . .     SeeInvis .   K - +5 demon whip
rCold    . . .     Faith    .   m - +18 shield of the Gong {rElec rN+ MR+ EV-5}
rNeg     + + .     Spirit   .   l - +15 Maxwell's patent armour {-Cast -Tele rElec MR+ rCorr}
rPois    ∞         Reflect  .   (no helmet)
rElec    +         Harm     .   (no cloak)
rCorr    +         Rampage  .   y - +0 pair of fencer's gloves {Riposte Dex+3}
MR       ++...     NoTele   +   (no boots) Stlth ..........NoCast +
                                (no amulet)
HPRegen  0.22/turn              s - +6 ring of strength
MPRegen  0.12/turn              L - +4 ring of protection

@: studying Dodging
A: negative energy resistance 1, electricity resistance, unbreathing,
petrification resistance, rot immunity, AC +8
a: Minor Destruction, Lesser Servant of Makhleb, Major Destruction, Greater
Servant of Makhleb, Renounce Religion


You were in the Dungeon.
You worshipped Makhleb.
Makhleb was exalted by your worship.
You visited 1 branch

Inventory:

Hand Weapons
 k - the +10 dark maul {vorpal}
   (You found it in the Dungeon)

   It inflicts extra damage upon your enemies.
 K - a +5 demon whip (weapon)
Armour
 l - the +15 Maxwell's patent armour (worn) {-Cast -Tele rElec MR+ rCorr}
   (You found it in the Dungeon)

   It insulates you from electricity.
   It affects your resistance to hostile enchantments.
   It prevents spellcasting.
   It prevents most forms of teleportation.
   It provides partial protection from all sources of acid and corrosion.
 m - the +18 shield of the Gong (worn) {rElec rN+ MR+ EV-5}
   (You found it in the Dungeon)

   It affects your evasion (-5).
   It insulates you from electricity.
   It protects you from negative energy.
   It affects your resistance to hostile enchantments.
 y - the +0 pair of fencer's gloves (worn) {Riposte Dex+3}
   (You found it in the Dungeon)

   It affects your dexterity (+3).
 I - a +3 tower shield
 J - a +5 crystal plate armour
Jewellery
 h - an uncursed ring of positive energy
 n - an uncursed ring of flight
 o - a +6 ring of dexterity
 p - a +6 ring of dexterity
 q - the ring "Suonod" {Ice rN+ Str-5 Stlth+}
   (You found it in the Dungeon)

   [ring of ice]

   It enhances your ice magic.
   It affects your strength (-5).
   It makes you vulnerable to fire.
   It protects you from cold.
   It protects you from negative energy.
   It makes you more stealthy.
 s - a +6 ring of strength (left hand)
 t - a +6 ring of strength
 x - an uncursed ring of protection from fire
 L - a +4 ring of protection (right hand)
Wands
 u - a wand of disintegration (7)
 v - a wand of iceblast (7)
 w - a wand of acid (7)
Scrolls
 b - a scroll of brand weapon
 j - 4 scrolls of blinking
 D - 7 scrolls of fog
 E - a scroll of holy word
 F - 5 scrolls of identify
 G - 5 scrolls of remove curse
 H - 2 scrolls of fear
Potions
 d - 5 potions of might
 e - 10 potions of curing
 f - 10 potions of heal wounds
 g - 5 potions of haste
 i - 3 potions of berserk rage
 z - 2 potions of invisibility
 A - 4 potions of resistance
 C - 5 potions of stabbing
Books
 B - a manual of Dodging
Miscellaneous
 a - a tin of tremorstones (3/3)
 c - a phial of floods
 r - a lightning rod (4/4)


   Skills:
 + Level 10.9 Fighting
 + Level 14.3 Maces & Flails
 + Level 10.9 Armour
 + Level 7.4 Dodging
 + Level 17.1 Shields


You had 10 spell levels left.
You didn't know any spells.
Your spell library was empty.

Dungeon Overview and Level Annotations

Branches:
Dungeon (1/1)

Altars:
Ashenzari
Cheibriados
Dithmenos
Elyvilon
Fedhas
Gozag
Hepliaklqana
Kikubaaqudgha
Makhleb
Nemelex Xobeh
Okawaru
Qazlal
Ru
Sif Muna
Trog
Uskayaw
Vehumet
Wu Jian
Xom
Yredelemnul
Zin
The Shining One
Beogh
Jiyva
Lugonu

Annotations:
D 1 transporter


Innate Abilities, Weirdness & Mutations

You are resistant to torment.
Your stone body is resilient. (AC +8)
You are immune to poison.
You resist negative energy. (rN+)
You are resistant to electric shocks. (rElec)
You can survive without breathing.
You are immune to petrification.
You are immune to rotting.


Message History

The large slime creature hits you but does no damage.
The slime creature hits you.
* * * LOW HITPOINT WARNING * * *
You thrash the large slime creature!!
You kill the large slime creature!
Makhleb accepts your kill.
You feel better. The golden eye blinks at you.
You resist with almost no effort.
You whack the slime creature!
The slime creature is heavily wounded.
The jelly hits you but does no damage. You block the jelly's attack.
GONNNNG!
The golden eye blinks!
You block the slime creature's attack.
BONNNG!
You hit the slime creature.
The slime creature is heavily wounded.
The eye of devastation gazes at you. The bolt of energy hits you!!
You die...

▓....©..†.▓...©...▓
▓▓▓▓▓▓▓▓▓▓▓▓▓▓▓▓▓▓▓
▓...8©8...▓
▓..):):?..▓
▓...="})..▓
▓......G..▓
▓....G....▓
▓...J.J...▓
▓...§@J...▓
▓.▓...G.▓.▓
▓....©....▓
▓▓▓▓▓▓▓▓▓▓▓


You could see a slime creature, an eye of devastation, an eye of draining, 2
jellies and a golden eye.

Vanquished Creatures
  A two-headed ogre (D)
  A thrashing horror (D)
  3 deep elf knights (D)
  4 deep elf magi (D)
  A slime creature (D)
  A smoke demon (D)
  A rime drake (D)
  A freezing wraith (D)
  2 ice devils (D)
  A polar bear (D)
  2 trolls (D)
  A ynoxinul (D)
  2 spriggans (D)
  An air elemental (D)
  A floating eye (D)
  3 ice beasts (D)
  A black bear (D)
  An eye of draining (shapeshifter) (D)
  A phantom (D)
  A necrophage (D)
  3 ogres (D)
  3 wolves (D)
  A crimson imp (D)
  An iron imp (D)
  3 jellies (D)
  An ooze (D)
  An adder skeleton (D)
  2 bat zombies (D)
  A quokka skeleton (D)
46 creatures vanquished.

Vanquished Creatures (others)
  A deep elf knight (D)
1 creature vanquished.

Grand Total: 47 creatures vanquished

Notes
Turn   | Place    | Note
-------+----------+-------------------------------------------
     0 | D        | HoaS the Gargoyle Fighter began the quest for the Orb.
     0 | D        | Reached XP level 1. HP: 14/14 MP: 1/1
     1 | D        | Banished a spatial maelstrom
     2 | D        | Found a blossoming altar of Fedhas.
     3 | D        | Found the +6 Majin-Bo {vamp, MP+6 Int+6}
     3 | D        | Found the +9 heavy crossbow "Sniper" {vorpal, Acc+∞ SInv}
     3 | D        | Found the +10 dark maul {vorpal}
     3 | D        | Found the +15 Maxwell's patent armour {-Cast -Tele rElec
                  | MR+ rCorr}
     3 | D        | Found the +18 shield of the Gong {rElec rN+ MR+ EV-5}
     3 | D        | Found the cursed +14 obsidian axe {vorpal, +Fly SInv
                  | *Curse}
     3 | D        | Found the +7 great mace "Firestarter" {inner flame, rF++}
     3 | D        | Found the +6 shillelagh "Devastator" {shatter}
     3 | D        | Found the +11 plutonium sword {*Contam Stlth-}
     3 | D        | Found the +8 lance "Wyrmbane" {slay drac, rPois rF+ rC+
                  | AC+3}
     3 | D        | Found the +9 sword of Zonguldrok {reap}
     3 | D        | Found the cursed +13 scythe of Curses {drain, *Curse}
     3 | D        | Found the +0 sword of Power
     3 | D        | Found the +7 mace of Variability {chain chaos}
     3 | D        | Found the +7 Singing Sword {vorpal, sonic wave}
     3 | D        | Found the +8 storm bow {elec, penet}
     3 | D        | Found a transporter.
     3 | D        | Found a viscous altar of Jiyva.
     3 | D        | Found an ancient bone altar of Kikubaaqudgha.
     3 | D        | Found a hazy altar of Hepliaklqana.
     3 | D        | Found a corrupted altar of Lugonu.
     3 | D        | Found an opulent altar of Gozag.
     3 | D        | Found a burning altar of Makhleb.
     4 | D        | Found a sacrificial altar of Ru.
     4 | D        | Found a stormy altar of Qazlal.
     4 | D        | Found a shimmering blue altar of Sif Muna.
     4 | D        | Found an iron altar of Okawaru.
     4 | D        | Found a bloodstained altar of Trog.
     4 | D        | Found a sparkling altar of Nemelex Xobeh.
    66 | D        | Became a worshipper of Makhleb the Destroyer
   110 | D        | Reached skill level 5 in Fighting
   110 | D        | Reached skill level 5 in Armour
   110 | D        | Reached skill level 5 in Shields
   110 | D        | Reached XP level 2. HP: 21/21 MP: 2/2
   119 | D        | Entered arena 2.
   119 | D        | Noticed a spriggan
   119 | D        | Noticed a wolf
   119 | D        | Found a transporter.
   129 | D        | Killed a spriggan
   129 | D        | Reached skill level 7 in Shields
   129 | D        | Reached XP level 3. HP: 26/26 MP: 3/3
   129 | D        | Reached XP level 4. HP: 31/31 MP: 4/4
   129 | D        | Reached XP level 5. HP: 35/35 MP: 5/5
   136 | D        | Killed a wolf
   136 | D        | Reached skill level 8 in Shields
   136 | D        | Reached XP level 6. HP: 38/40 MP: 6/6
   139 | D        | Got the amulet of Pyodad {Faith Int+3}
   149 | D        | Entered arena 3.
   149 | D        | Noticed a deep elf knight
   149 | D        | Noticed a human
   149 | D        | Noticed an air elemental
   149 | D        | Found a transporter.
   150 | D        | Noticed an eye of draining
   150 | D        | a human changed into an eye of draining
   156 | D        | Killed an air elemental
   156 | D        | Reached * piety under Makhleb
   156 | D        | Reached skill level 10 in Maces & Flails
   156 | D        | Reached skill level 9 in Shields
   162 | D        | Killed a deep elf knight
   162 | D        | Reached skill level 11 in Shields
   162 | D        | Reached XP level 7. HP: 30/44 MP: 2/7
   169 | D        | Got the amulet of the Commoners {Inacc rElec MR+ Str-5}
   214 | D        | Entered arena 4.
   214 | D        | Found a transporter.
   215 | D        | Paralysed by a floating eye for 2 turns
   219 | D        | Reached ** piety under Makhleb
   219 | D        | Reached skill level 12 in Shields
   219 | D        | Reached XP level 8. HP: 49/49 MP: 8/8
   240 | D        | Entered arena 5.
   240 | D        | Noticed a spriggan
   240 | D        | Found a transporter.
   246 | D        | Killed a spriggan
   246 | D        | Reached *** piety under Makhleb
   246 | D        | Reached skill level 13 in Shields
   255 | D        | Reached skill level 14 in Shields
   270 | D        | Got the ring "Suonod" {Ice rN+ Str-5 Stlth+}
   275 | D        | Entered arena 6.
   275 | D        | Noticed a thrashing horror
   275 | D        | Noticed a ynoxinul
   275 | D        | Noticed a smoke demon
   275 | D        | Found a transporter.
   276 | D        | Found the +8 longbow "Zephyr" {speed, Dex+3 SInv}
   276 | D        | Identified the +5 hunting sling of Triumph {flame, rC+ MR+
                  | Str-3}
   283 | D        | Killed a thrashing horror
   283 | D        | Reached **** piety under Makhleb
   283 | D        | Reached skill level 15 in Shields
   283 | D        | Reached XP level 9. HP: 55/55 MP: 9/9
   286 | D        | Killed a smoke demon
   297 | D        | Reached ***** piety under Makhleb
   303 | D        | Entered arena 7.
   303 | D        | Noticed a troll
   303 | D        | Noticed a troll
   303 | D        | Noticed a two-headed ogre
   313 | D        | Killed a two-headed ogre
   317 | D        | Killed a troll
   319 | D        | Reached XP level 10. HP: 64/64 MP: 10/10
   322 | D        | Reached skill level 16 in Shields
   327 | D        | Found a transporter.
   340 | D        | Entered arena 8.
   341 | D        | Found the +0 pair of fencer's gloves {Riposte Dex+3}
   346 | D        | Found a transporter.
   353 | D        | Reached ****** piety under Makhleb
   358 | D        | Reached skill level 5 in Dodging
   382 | D        | Entered arena 9.
   382 | D        | Noticed a deep elf mage
   382 | D        | Noticed a deep elf knight
   382 | D        | Noticed a deep elf knight
   382 | D        | Noticed a deep elf mage
   382 | D        | Noticed a deep elf mage
   382 | D        | Noticed a deep elf mage
   382 | D        | Noticed a deep elf knight
   383 | D        | Noticed an orange demon
   396 | D        | Killed a deep elf knight
   397 | D        | Killed a deep elf knight
   402 | D        | Found a transporter.
   406 | D        | Killed a deep elf mage
   409 | D        | Noticed an orange demon
   414 | D        | Killed a deep elf knight
   426 | D        | Killed a deep elf mage
   430 | D        | Killed a deep elf mage
   434 | D        | Killed a deep elf mage
   434 | D        | Reached skill level 10 in Fighting
   434 | D        | Reached skill level 10 in Armour
   486 | D        | Entered arena 10.
   507 | D        | Reached XP level 11. HP: 73/73 MP: 11/11
   532 | D        | Reached skill level 17 in Shields
   542 | D        | Found a transporter.
   565 | D        | Entered arena 11.
   566 | D        | Found the amulet of the Air {Inacc +Fly rElec EV+5 RMsl}
   566 | D        | Found a transporter.
   591 | D        | Blown up by an eye of devastation

Illustrated notes

Levels and vault maps discovered:
D:        sprint_v [room_start, room_1, room_2, room_3, room_4, room_5, room_6,
          room_7, room_8, room_9, room_10, room_11, room_12, room_13, room_14,
          room_15, room_16, room_17, room_18, room_19, room_20, room_21,
          room_22, room_23, room_24, room_25, room_26, room_27]

Skill      XL: |  1  2  3  4  5  6  7  8  9 10 11 |
---------------+----------------------------------+-----
Fighting       | 5 6 8 10 | 10.9
Maces & Flails | 4 8 9 12 13 14 | 14.3
Armour         | 5 6 8 10 | 10.9
Shields        | 5 7 8 11 12 15 16 17 | 17.1
Dodging        | 2 4 6 7 |  7.4

Action                   |  1- 3 |  4- 6 |  7- 9 | 10-12 || total
-------------------------+-------+-------+-------+-------++-------
Melee: Demon whip        |     9 |    18 |    55 |   134 ||   216
  Use: Potion            |     1 |       |     2 |       ||     3
Armor: Plate armour      |     3 |     2 |    16 |    23 ||    44
Dodge: Dodged            |     1 |       |       |    11 ||    12
Block: Kite shield       |    19 |    20 |    64 |   116 ||   219
       Rpst.: Demon whip |       |       |       |     3 ||     3

Table legend: (Time is in decaauts)
 A = Elapsed time spent in this place.
 B = Non-inter-level travel time spent in this place.
 C = Inter-level travel time spent in this place.
 D = Time resting spent in this place.
 E = Time spent auto-exploring this place.
 F = Levels seen in this place.
 G = Mean time per level.
                   A        B        C        D        E       F      G
               +--------+--------+--------+--------+--------+-----+--------+
         Total |    470 |    470 |      0 |     72 |      0 |   1 |  470.0 |
       Dungeon |    470 |    470 |      0 |     72 |      0 |   1 |  470.0 |
               +--------+--------+--------+--------+--------+-----+--------+

Top non-repeatable levels by time:
       D: 470 daAuts
